wizbiz, neutral female human Wizard ----------- --------- |......^...# |.......| ------------ |......(..|####*#####################*###-.......| |)+%??%.??@-# #####-.........|# |.......| |))..[[.?..|# ------|----### ----------- |.......| |.))/..?(md|# ## # |.........| |.......| |!..!!?+[@.|# # ###|.........| #-.......| |!!+!!!f.m.|# ### #..........| #-------.- ------------# # |...>......## ## # # ### ----------- # # # # ### # # # # # ### # ###--------# # # #-....<.|# ### ----|-- |......|# # |.....| |......-# ##......| -------- ------- wizbiz the Evoker Experience level: 2 Strength: 14 Dexterity: 13 Constitution: 13 Intelligence: 18 Wisdom: 8 Charisma: 10 Health: 0(17) Energy: 12(12) Def: 1 Gold: 0 Moves: 1227 Dungeon seed: h27rTMBYJkFvKJNW Game ID: wizbiz_1526522697 Your Inventory: Amulets w - a cursed amulet of strangulation Weapons a - a blessed +1 quarterstaff (weapon in hands) m - a +3 orcish dagger q - 5 +0 arrows Armor e - an uncursed +0 cloak of magic resistance (being worn) n - an uncursed +0 pair of low boots Comestibles p - an uncursed tin of lichen Scrolls i - 3 uncursed scrolls of identify s - an uncursed scroll of light Spellbooks k - a blessed spellbook of force bolt l - an uncursed spellbook of cure blindness t - an uncursed spellbook of detect monsters u - an uncursed spellbook of teleport away Potions f - an uncursed potion of speed g - an uncursed potion of restore ability v - a cursed potion of invisibility x - an uncursed potion of monster detection Rings P - an uncursed ring of regeneration (on left hand) R - an uncursed ring of conflict Wands b - a wand of polymorph (0:5) Tools r - an uncursed tallow candle (0:200) Spells and supernatural/magical abilities: Name Level Category Fail Memory a - force bolt 1 attack 0% 94% n - detect monsters 1 divination 0% 99% B - cure blindness 2 healing 62% 94% W - pray for help -- divine ? -- Your skills at the end: Fighting Skills Weapon Skills quarterstaff [Basic] Spellcasting Skills attack spells [Basic] enchantment spells [Basic] Final Attributes: You were fervently aligned. You were magic-protected. You were held by a large mimic. You regenerated. You are dead. Vanquished creatures: an acid blob 2 gnomes 3 geckos 3 jackals a goblin 3 sewer rats 5 grid bugs a bat 2 lichens 2 newts 23 creatures vanquished. Voluntary challenges: You were an atheist. You used a wielded weapon 12 times, starting on turn 85. You read items or engraved 2 times, starting on turn 14. You never genocided any monsters. You never polymorphed an object. You never changed form. You used no wishes. You never split a pudding. You never wrote Elbereth's name. You never violated your personal moral code. Dungeon overview: The Dungeons of Doom: levels 1 to 4 Level 1 a fountain a long staircase Level 2 stairs to The Gnomish Mines Level 3 <- You were here a general store Level 4 The Gnomish Mines: Level 3 stairs to The Dungeons of Doom History has recorded: On T:1 you entered the Dungeons of Doom to retrieve the Amulet of Yendor! On T:403 you reached level 2 of The Dungeons of Doom. On T:470 you reached level 3 of The Dungeons of Doom. On T:550 you reached level 1 of The Gnomish Mines. On T:563 you advanced to experience level 2. On T:1011 you reached level 4 of The Dungeons of Doom. Score breakdown: Gold: 0 ( 0 points) Experience: 2 levels ( 5570 points) Exploration: 4 levels ( 8.16%) ( 7500 points) Discoveries: 2 items ( 0.69%) ( 2500 points) Valuables value: (no points given unless you survive) Artifact value: 0 ( 0 points) Variety of kills: 10 monsters ( 2.62%) ( 4860 points) Turncount: 1227 turns ( 0 points) Survival: died (score multiplied by 80%) Total score: 16344 Latest messages: There are a few objects here. (4x) The kitten picks up a spellbook. You stop. Your kitten is in the way! The jackal bites! The kitten bites the jackal. The jackal is killed! The kitten drops a spellbook. The kitten eats a jackal corpse. The small mimic hits! Wait! That's a large mimic! The jackal bites! You feel much better. The jackal bites! You cannot escape from the large mimic! The jackal bites! The kitten picks up a dark green potion. The large mimic hits! You are now wearing a ring of regeneration. The jackal bites! The kitten drops a dark green potion. The small mimic hits! You die... Wonotobo comes and takes all your possessions. Final status: Goodbye wizbiz the Wizard, killed by a small mimic... You died in The Dungeons of Doom on dungeon level 3 with 16344 points, and 0 pieces of gold, after 1227 moves. You were level 2 with a maximum of 17 hit points when you died.